 Dungeon Crawl Stone Soup version 0.29.1-2-gbd0b4ee654 (webtiles) character file.

Game seed: 3930070089339550708

70 cdecastro the Magician (level 4, -6/31 HPs)
             Began as a Djinni Hedge Wizard on Nov 4, 2022.
             Was a Follower of Makhleb.
             Mangled by Grinder (8 damage)
             ... on level 3 of the Dungeon.
             The game lasted 00:04:51 (2456 turns).

cdecastro the Magician (Djinni Hedge Wizard)        Turns: 2456, Time: 00:04:51

Health: -6/31      AC:  3    Str:  9    XL:     4   Next: 44%
Gold:   130        EV: 12    Int: 18    God:    Makhleb [*.....] SH:  0 Dex: 12

rFire   + + .      SeeInvis .   a - +0 dagger
rCold   x . .      Faith    .   (no shield)
rNeg    . . .      Spirit   .   b - +0 robe
rPois   ∞          Reflect  .   p - +0 helmet
rElec   .          Harm     .   (no cloak)
rCorr   .          Rampage  .   (no gloves)
Will    .....                   (boots unavailable)
Stlth   ++........              (no amulet)
HPRegen 0.10/turn               (no ring)
MPRegen 0.00/turn               (no ring)

@: flying
A: sickness immunity, fire resistance 2, cold vulnerability 1, float, innate
caster, HP casting, extra vitality 1
a: Renounce Religion


You were on level 3 of the Dungeon.
You worshipped Makhleb.
Makhleb was aware of your devotion.
You visited 1 branch of the dungeon, and saw 3 of its levels.

You collected 130 gold pieces.

Inventory:

Hand Weapons
 a - a +0 dagger (weapon)
Missiles
 e - 35 stones
 k - 3 poisoned darts
 m - 5 javelins
 s - 2 boomerangs
Armour
 b - a +0 robe (worn)
 c - a +0 hat
 d - a +0 leather armour
 p - a +0 helmet (worn)
Scrolls
 f - 2 scrolls of teleportation {unknown}
 h - a scroll of noise {unknown}
 j - a scroll of amnesia {unknown}
 n - a scroll of brand weapon {unknown}
 q - a scroll of fear {unknown}
 r - a scroll of blinking {unknown}
 t - a scroll of poison {unknown}
Potions
 g - a potion of might {unknown}
 i - a potion of heal wounds {unknown}
 l - 3 potions of curing {unknown}
 o - a potion of brilliance {unknown}


   Skills:
 - Level 2.1 Dodging
 - Level 1.5 Stealth
 + Level 3.8 Spellcasting


You couldn't memorise any spells.
You knew the following spells:

 Your Spells              Type           Power      Damage    Failure   Level
a - Magic Dart            Conj           68%        1d6       3%          1
b - Blink                 Tloc           34%        N/A       4%          2
c - Call Imp              Summ           17%        N/A       4%          2
d - Slow                  Hex            68%        N/A       3%          1
e - Conjure Flame         Conj/Fire      17%        6-21      9%          3
f - Mephitic Cloud        Conj/Pois/Air  17%        N/A       9%          3
g - Shock                 Conj/Air       68%        1d7       3%          1
Your spell library was empty.

Dungeon Overview and Level Annotations

Branches:
Dungeon (3/15)

Altars:
Makhleb

Annotations:
D:3 Grinder


Innate Abilities, Weirdness & Mutations

You are immune to sickness and miasma.
You are immune to poison.
Your flesh is very heat resistant. (rF++)
You are vulnerable to cold. (rC-)
You float through the air rather than walking.
You learn spells naturally, not from books.
Your magical power is your life essence.
You have superior vitality. (+4 MHP)


Message History

Casting: Magic Dart (safe; 3% risk of failure)
Confirm with . or Enter, or press ? or * to list all spells.
A beastly little devil appears in a puff of flame.
Your crimson imp disappears in a puff of smoke!
Grinder hits you!
* * * LOW HITPOINT WARNING * * *
You writhe in agony.
* * * LOW HITPOINT WARNING * * *
Unknown command.
Casting: Call Imp (safe; 4% risk of failure)
Confirm with . or Enter, or press ? or * to list all spells.
Aiming: Magic Dart (safe; 3% risk of failure)
Press: ? - help, Shift-Dir - straight line, f/p - Grinder
Aim: Grinder (lightly wounded, ally target, 100% to hit)
The magic dart hits Grinder.
Grinder is lightly wounded.
* * * LOW HITPOINT WARNING * * *
Grinder hits you.
* * * LOW HITPOINT WARNING * * *
You writhe in agony.
* * * LOW HITPOINT WARNING * * *
Your crimson imp barely misses Grinder.
Unknown command.
Aiming: Magic Dart (safe; 3% risk of failure)
Press: ? - help, Q - select action, (/) - cycle Shift-Dir - straight line, f/p - Grinder
Aim: Grinder (lightly wounded, ally target, 100% to hit)
The magic dart hits Grinder.
Grinder is moderately wounded.
* * * LOW HITPOINT WARNING * * *
Grinder closely misses you.
Your crimson imp hits Grinder but does no damage.
Unknown command.
Aiming: Magic Dart (safe; 3% risk of failure)
Press: ? - help, Q - select action, (/) - cycle Shift-Dir - straight line, f/p - Grinder
Aim: Grinder (moderately wounded, ally target, 100% to hit)
The magic dart hits Grinder.
Grinder is moderately wounded.
* * * LOW HITPOINT WARNING * * *
Grinder hits you!
You die...

#..# #..# #..#
#..###############
.................
#.######.###.###.
##.#####.### #.#
#.# #.
.......@55.####.#
#.# #.
...#####^.......#
#.# #. ###.######
#.# #. #.# #.# ##
#.# #.# #.# #.#
#5# #.#### #.#
#....> #S# ###...


You could see Grinder (ally target) and a friendly crimson imp (summoned).

Vanquished Creatures
  3 adders
  A worm (D:2)
  A dart slug (D:1)
  4 orcs
  A bat (D:1)
  3 endoplasms
  2 hobgoblins
  2 jackals (D:1)
  5 ball pythons
  A frilled lizard (D:3)
  6 goblins
  2 kobolds
  4 rats
35 creatures vanquished.

Notes
Turn   | Place    | Note
-------+----------+-------------------------------------------
     0 | D:1      | cdecastro the Djinni Hedge Wizard began the quest for the
                  | Orb.
     0 | D:1      | cdecastro set off with the following spells memorised:
                  | Magic Dart, Blink, Call Imp, Slow, Conjure Flame, Mephitic
                  | Cloud.
     0 | D:1      | Reached XP level 1. HP: 15/15 MP: 0/0
   388 | D:1      | Reached XP level 2. HP: 11/21 MP: 0/0
   697 | D:1      | Reached skill level 3 in Spellcasting
   782 | D:1      | Found a faded altar of an unknown god.
   810 | D:1      | Prayed at the altar of an unknown god.
   810 | D:1      | Became a worshipper of Makhleb the Destroyer
   810 | D:1      | Reached * piety under Makhleb
  1015 | D:2      | Reached XP level 3. HP: 20/25 MP: 0/0
  1015 | D:2      | Learned a level 1 spell: Shock
  1695 | D:2      | Reached XP level 4. HP: 22/31 MP: 0/0
  2442 | D:3      | Noticed Grinder
  2456 | D:3      | Mangled by Grinder

Illustrated notes

Levels and vault maps discovered:
D:1:      minmay_arrival_stone_box, layout_rooms,
          shapermc_ecumenical_altar_acropolis
D:2:      layout_loops_cross
D:3:      layout_loops_ring, uniq_ijyb, uniq_grinder

Skill      XL: |  1  2 |
---------------+-------+-----
Spellcasting   | 3 |  3.8
Dodging        | |  2.1
Stealth        | |  1.5

Action                   |  1- 3 |  4- 6 || total
-------------------------+-------+-------++-------
Melee: Dagger            |     2 |       ||     2
 Cast: Magic Dart        |    73 |    25 ||    98
       Call Imp          |       |     3 ||     3
Armor: Robe              |     4 |       ||     4
Dodge: Dodged            |    14 |     6 ||    20
